 Dungeon Crawl Stone Soup version 0.30.0-29-ga12c61a403 (webtiles) character file.

Game seed: 83154596958293750

327 qw the Chopper (level 6, -1/38 HPs)
             Began as a Gargoyle Fighter on June 5, 2023.
             Slain by Grinder (2 damage)
             ... on level 4 of the Dungeon.
             The game lasted 00:01:32 (2683 turns).

qw the Chopper (Gargoyle Fighter)                   Turns: 2683, Time: 00:01:32

Health: -1/38      AC: 13    Str: 21    XL:     6   Next: 50%
Magic:  6/6        EV:  7    Int:  9    God:
Gold:   195        SH:  4    Dex:  9    Spells: 5/5 levels left

rFire   . . .        Y - +2 war axe
rCold   . . .        c - +0 buckler
rNeg    + . .        m - +0 chain mail
rPois   inf          (no helmet)
rElec   +            (no cloak)
rCorr   .            (no gloves)
SInv    .            (no boots)
Will    .....        (no amulet) Stlth
                     (no ring)
HPRegen 0.26/turn    (no ring)
MPRegen 0.10/turn

%: no passive effects
@: about to teleport
A: sickness immunity, AC +4, negative energy resistance 1, electricity
resistance, torment resistance 1, petrification resistance
a: no special abilities


You were on level 4 of the Dungeon.
You visited 1 branch of the dungeon, and saw 4 of its levels.

You collected 195 gold pieces.


Innate Abilities, Weirdness & Mutations

You are immune to sickness and miasma.
Your stone body is resilient. (AC +4)
You are immune to poison.
You resist negative energy. (rN+)
You are resistant to electric shocks. (rElec)
You are resistant to unholy torment.
You are immune to petrification.


   Skills:
 - Level 4.0 Fighting
 + Level 5.8 Axes
 - Level 3.2 Armour
 - Level 3.2 Shields


You had 5 spell levels left.
You didn't know any spells.
Your spell library was empty.

Inventory:

Hand Weapons
 j - a +0 flail
 Y - a +2 war axe (weapon)
Armour
 c - a +0 buckler (worn)
 m - a +0 chain mail (worn)
Scrolls
 k - a scroll of teleportation
 n - a scroll of identify
Potions
 a - a potion of heal wounds {unknown}
 d - 2 potions of might
 e - a potion of curing {unknown}
 f - a potion of ambrosia {unknown}
 g - a potion of resistance {unknown}
 h - a potion of haste {unknown}
 l - a potion of lignification {unknown}

Dungeon Overview and Level Annotations

Branches:
Dungeon (4/15)
 Temple: D:4-7

Altars:
Qazlal

Annotations:
D:3 2 runed translucent doors, qw's ghost, amateur GrFi
D:4 Grinder


Message History

You hit Grinder.
Grinder is severely wounded.
Grinder completely misses you.
You barely miss Grinder.
Grinder is severely wounded.
Grinder blinks!
2671 ||| Stepping ~*~*~tactically~*~*~ (hiding).
You closely miss Grinder.
Grinder is severely wounded.
Grinder barely misses you. Grinder completely misses you.
You closely miss Grinder.
Grinder is heavily wounded.
Grinder gestures at you. You resist with significant effort.
You hit Grinder but do no damage.
Grinder is heavily wounded.
Grinder barely misses you.
You barely miss Grinder.
Grinder is heavily wounded.
Grinder barely misses you.
You closely miss Grinder.
Grinder is heavily wounded.
Grinder hits you but does no damage. x2
You hit Grinder but do no damage.
Grinder is heavily wounded.
Grinder closely misses you.
You slash Grinder!
Grinder is almost dead.
Grinder blinks!
Grinder gestures at you.
You barely resist. Grinder gestures at you. Pain shoots through your body!
2682 ||| READING 2 scrolls of teleportation.
As you read the scroll of teleportation, it crumbles to dust.
You feel strangely unstable.
You closely miss Grinder.
Grinder is almost dead.
Grinder hits you!
You writhe in agony.
You die...

.### #..# #.# .... ...#
##.# #..# #..# .##.# #
#..####..##.##.#
#.##..#........ #.#
......5.....# #.####
#..####.)#####.##<#
#.......)......##.#
#?5@..#.######.##.#
#.##..#.######.##.#.
................%....
>..#######.#########.#.
#.#. #.# .... # # ...
###. .... . ..


You could see Grinder.

Vanquished Creatures
  Sigmund (D:2)
  An iguana (D:3)
  4 gnolls
  2 adders (D:3)
  2 worms
  3 dart slugs
  An orc (D:4)
  3 bats
  8 endoplasms
  2 giant cockroaches
  9 goblins
  4 hobgoblins (D:2)
  4 quokkas
  6 ball pythons
  5 frilled lizards
  9 kobolds
  6 rats
70 creatures vanquished.

Notes
Turn   | Place    | Note
-------+----------+-------------------------------------------
     0 | D:1      | qw the Gargoyle Fighter began the quest for the Orb.
     0 | D:1      | Reached XP level 1. HP: 14/14 MP: 1/1
     0 | D:1      | 0 ||| qw: Version: 0.2-a-108-gee2c290
     0 | D:1      | 0 ||| qw: Game counter: 1479
     0 | D:1      | 0 ||| qw: Always use a shield: true
     0 | D:1      | 0 ||| qw: God list: Okawaru
     0 | D:1      | 0 ||| qw: Allow faded altars: false
     0 | D:1      | 0 ||| qw: Do Orc after D:15 true
     0 | D:1      | 0 ||| qw: Do second Lair branch before Depths: true
     0 | D:1      | 0 ||| qw: Lair rune preference: random
     0 | D:1      | 0 ||| qw: Plans: Normal, Zot:1-4, Slime:5, God:TSO, Crypt,
                  | Tomb, Abyss, Pan, Hells, Win
     0 | D:1      | 0 ||| PLANNING D:1-11
    27 | D:1      | Reached skill level 2 in Axes
    46 | D:1      | 46 ||| Stepping ~*~*~tactically~*~*~ (stealth).
   143 | D:1      | 143 ||| Stepping ~*~*~tactically~*~*~ (hiding).
   280 | D:1      | 280 ||| Stepping ~*~*~tactically~*~*~ (stealth).
   286 | D:1      | Reached XP level 2. HP: 19/19 MP: 2/2
   439 | D:1      | 439 ||| DROPPING +0 club.
   662 | D:1      | Reached skill level 3 in Axes
   662 | D:1      | Reached XP level 3. HP: 16/23 MP: 3/3
  1014 | D:1      | 1014 ||| READING scroll labelled PUJALUR HITS.
  1027 | D:2      | Noticed Sigmund
  1038 | D:2      | HP: 3/23 [something/magic dart (8)]
  1039 | D:2      | Killed Sigmund
  1040 | D:2      | Reached skill level 5 in Axes
  1040 | D:2      | Reached XP level 4. HP: 4/28 MP: 4/4
  1040 | D:2      | Reached XP level 5. HP: 4/32 MP: 5/5
  1270 | D:2      | 1270 ||| Stepping ~*~*~tactically~*~*~ (stealth).
  1555 | D:2      | 1555 ||| Stepping ~*~*~tactically~*~*~ (hiding).
  1558 | D:2      | 1558 ||| Stepping ~*~*~tactically~*~*~ (hiding).
  1884 | D:2      | 1884 ||| UPGRADING to +0 chain mail.
  1894 | D:2      | 1894 ||| DROPPING +0 scale mail.
  1895 | D:2      | 1895 ||| DROPPING ring of wizardry.
  1896 | D:2      | 1896 ||| READING scroll labelled QEPATI GEODDAFF.
  1897 | D:2      | 1897 ||| READING 3 scrolls labelled LEOSOLL MINUIL.
  1898 | D:2      | 1898 ||| READING scroll labelled TINUAS REISK.
  1899 | D:2      | 1899 ||| READING 2 scrolls labelled ZODOXK ICUOM.
  1900 | D:2      | 1900 ||| READING scroll labelled EXU JIPPEPEI.
  1901 | D:2      | 1901 ||| READING 2 scrolls of identify.
  1901 | D:2      | 1901 ||| IDENTIFYING red potion
  1902 | D:2      | 1902 ||| DROPPING potion of flight.
  1903 | D:2      | 1903 ||| DROPPING scroll of vulnerability.
  1952 | D:3      | Found Casutub's Jewellery Boutique.
  2020 | D:3      | 2020 ||| Stepping ~*~*~tactically~*~*~ (hiding).
  2022 | D:3      | 2022 ||| Stepping ~*~*~tactically~*~*~ (hiding).
  2023 | D:3      | 2023 ||| Stepping ~*~*~tactically~*~*~ (hiding).
  2024 | D:3      | 2024 ||| Stepping ~*~*~tactically~*~*~ (hiding).
  2029 | D:3      | Reached XP level 6. HP: 36/38 MP: 6/6
  2166 | D:3      | Found a runed translucent door.
  2166 | D:3      | Noticed qw's ghost (amateur GrFi)
  2213 | D:3      | Found a runed translucent door.
  2215 | D:3      | Found a stormy altar of Qazlal.
  2447 | D:3      | 2447 ||| DROPPING +0 whip.
  2470 | D:3      | 2470 ||| READING scroll of enchant weapon.
  2470 | D:3      | 2470 ||| ENCHANTING +1 war axe.
  2595 | D:3      | 2595 ||| READING scroll labelled UQUMIE ZAHEYH.
  2632 | D:4      | 2632 ||| Stepping ~*~*~tactically~*~*~ (stealth).
  2635 | D:4      | 2635 ||| Stepping ~*~*~tactically~*~*~ (stealth).
  2641 | D:4      | 2641 ||| Stepping ~*~*~tactically~*~*~ (stealth).
  2641 | D:4      | Noticed Grinder
  2642 | D:4      | 2642 ||| Stepping ~*~*~tactically~*~*~ (stealth).
  2644 | D:4      | 2644 ||| Stepping ~*~*~tactically~*~*~ (stealth).
  2651 | D:4      | 2651 ||| Stepping ~*~*~tactically~*~*~ (stealth).
  2671 | D:4      | 2671 ||| Stepping ~*~*~tactically~*~*~ (hiding).
  2681 | D:4      | HP: 7/38 [Grinder/nerve-wracking pain (6)]
  2682 | D:4      | 2682 ||| READING 2 scrolls of teleportation.
  2683 | D:4      | HP: 1/38 [Grinder (7)]
  2683 | D:4      | Slain by Grinder

Levels and vault maps discovered:
D:1:      ebering_trefoil_twist, layout_loops_corners
D:2:      layout_loops_ring, uniq_sigmund
D:3:      layout_rooms, mainiacjoe_overflow_tiny_flanked, serial_shops,
          nicolae_shop_gaudy_bauble, ebering_ghost_sewer_f
D:4:      layout_basic, uniq_ijyb, uniq_grinder

Skill      XL: |  1  2  3  4  5  6 |
---------------+-------------------+-----
Axes           | 2 3 5 |  5.8
Fighting       | 4 |  4.0
Armour         | |  3.2
Shields        | |  3.2

Action                     |  1- 3 |  4- 6 || total
---------------------------+-------+-------++-------
  Melee: War axe           |    69 |   127 ||   196
    Use: Scroll            |     1 |     9 ||    10
 Armour: Scale mail        |    33 |     6 ||    39
         Chain mail        |       |    56 ||    56
  Dodge: Dodged            |    31 |    37 ||    68
  Block: Buckler           |    12 |    14 ||    26

Table legend:
 A = Non-vault XP
 B = Vault XP
 C = Vault XP percentage of total XP
 D = Non-vault monster count
 E = Vault monster count
 F = Vault count percentage of total count
                 A         B        C        D         E       F
            +---------+---------+-------+---------+---------+-------
      Total |     237 |     231 |  49.4 |      69 |       1 |   1.4
            +---------+---------+-------+---------+---------+-------
        D:1 |      46 |       0 |   0.0 |      23 |       0 |   0.0
        D:2 |      34 |     231 |  87.2 |      14 |       1 |   6.7
        D:3 |     144 |       0 |   0.0 |      26 |       0 |   0.0
        D:4 |      13 |       0 |   0.0 |       6 |       0 |   0.0
            +---------+---------+-------+---------+---------+-------
